 Dungeon Crawl Stone Soup version 0.21.1-1-g345015fe64 (webtiles) character file.

1489 Oravi the Martial Artist (level 8, -1/62 HPs)
             Began as a Merfolk Transmuter on May 15, 2018.
             Engulfed by a steam dragon's steam (8 damage)
             ... on level 5 of the Dungeon.
             The game lasted 00:14:05 (4211 turns).

Oravi the Martial Artist (Merfolk Transmuter)       Turns: 4211, Time: 00:14:05

Health: -1/62      AC:  3    Str: 11    XL:     8   Next: 80%
Magic:  8/12       EV: 16    Int: 14    God:
Gold:   85         SH:  0    Dex: 14    Spells: 8/13 levels left

rFire    . . .     SeeInvis .     - Unarmed
rCold    . . .     Gourm    +   (no shield)
rNeg     . . .     Faith    .   b - +0 robe
rPois    .         Spirit   .   l - +0 helmet
rElec    .         Reflect  .   (no cloak)
rCorr    .         Harm     .   (no gloves)
MR       .....                  (no boots)
Stlth    +.........             m - amulet of the gourmand
HPRegen  0.20/turn              (no ring)
MPRegen  0.13/turn              (no ring)

@: about to teleport
A: change form in water, swift swim, stealthy swim
a: no special abilities


You were on level 5 of the Dungeon.
You were completely stuffed.

You visited 1 branch of the dungeon, and saw 5 of its levels.

You collected 85 gold pieces.

Inventory:

Missiles
 a - 91 arrows
Armour
 b - a +0 robe (worn)
 l - a +0 helmet (worn)
Jewellery
 m - an amulet of the gourmand (around neck)
Wands
 i - a wand of paralysis (15)
 o - a wand of acid (9)
Scrolls
 f - a scroll of teleportation
 h - 5 scrolls of identify
 j - a scroll of remove curse
 p - a scroll of blinking {unknown}
 q - a scroll of random uselessness {unknown}
 s - a scroll of amnesia
Potions
 e - 2 potions of flight
 k - 2 potions of lignification
 n - a potion of magic
Books
 c - a book of Changes

   Spells                             Type                      Level
   a - Beastly Appendage              Transmutation                1
   b - Sticks to Snakes               Transmutation                2
   c - Spider Form                    Transmutation/Poison         3
   d - Ice Form                       Ice/Transmutation            4
   e - Blade Hands                    Transmutation                5
Comestibles
 d - 11 rations
 r - a chunk of flesh


   Skills:
 + Level 5.2 Fighting
 + Level 6.8 Dodging
 * Level 8.0 Unarmed Combat
 - Level 3.3 Spellcasting
 - Level 5.4 Transmutations


You had 8 spell levels left.
You knew the following spells:

 Your Spells              Type           Power        Failure   Level  Hunger
a - Spider Form           Tmut/Pois      #.........   21%         3    ###....
b - Sticks to Snakes      Tmut           ###.....     3%          2    ##.....


Dungeon Overview and Level Annotations

Branches:
Dungeon (5/15)
 Temple: D:4-7

Altars:
Elyvilon


Message History

Casting: Sticks to Snakes
Confirm with . or Enter, or press ? or * to list all spells.
You create a snake!
You now have 91 arrows.
You are engulfed in a cloud of scalding steam.
The steam dragon bites you.
* * * LOW HITPOINT WARNING * * *
The steam dragon barely misses you.
Your ball python closely misses the steam dragon.
The ooze closely misses your ball python.
The steam dragon bites you.
* * * LOW HITPOINT WARNING * * *
The steam dragon claws you.
* * * LOW HITPOINT WARNING * * *
Your ball python is engulfed in a cloud of scalding steam.
Your ball python dies!
Okay, then.
As you read the scroll labeled DOXZIVIAQE, it crumbles to dust.
You feel strangely unstable.
It was a scroll of teleportation.
You are engulfed in a cloud of scalding steam.
You die...

. .. #.## #######.
... #... #......#
.... ####
#......##.....
####### #...).......
#...... #)# #.#####
###J###########<.....
#..DS.........'......
#..§@##########......
#§§.....# #......
#§...#### #......
#§§§. ####### #..<.
#.... #.... ###


You could see a steam dragon, an ooze and a friendly ball python.

Vanquished Creatures
  Sigmund (D:2)
  Eustachio (D:5)
  An ice beast (D:5)
  A phantom (D:5)
  2 ogres (D:4)
  A howler monkey (D:4)
  A crimson imp (D:5)
  A bullfrog zombie (D:5)
  2 hounds (D:4)
  2 orc wizards (D:4)
  A centaur skeleton (D:5)
  A gnoll shaman (D:5)
  Ijyb (D:3)
  Natasha (thrice) (D:2)
  2 worker ants (D:4)
  2 worker ant zombies
  A howler monkey skeleton (D:4)
  11 gnolls
  5 adders
  2 oozes
  6 worms
  4 leopard geckos
  11 orcs (D:4)
  2 ball pythons
  4 giant cockroaches
  10 goblins
  5 hobgoblins
  2 jackals (D:3)
  7 kobolds
  2 quokkas
  5 bats
  3 frilled lizards
  6 rats
109 creatures vanquished.

Vanquished Creatures (collateral kills)
  Grinder (D:3)
1 creature vanquished.

Grand Total: 110 creatures vanquished

Notes
Turn   | Place    | Note
-------+----------+-------------------------------------------
     0 | D:1      | Oravi the Merfolk Transmuter began the quest for the Orb.
     0 | D:1      | Reached XP level 1. HP: 15/15 MP: 3/3
   107 | D:1      | Reached XP level 2. HP: 17/21 MP: 3/5
   737 | D:1      | Reached XP level 3. HP: 21/26 MP: 4/6
   771 | D:1      | Reached skill level 4 in Unarmed Combat
  1002 | D:2      | Learned a level 2 spell: Sticks to Snakes
  1006 | D:2      | Learned a level 3 spell: Spider Form
  1125 | D:2      | Noticed Natasha
  1132 | D:2      | Killed Natasha
  1132 | D:2      | Reached XP level 4. HP: 21/32 MP: 0/7
  1414 | D:2      | Noticed Natasha
  1459 | D:2      | Killed Natasha
  1538 | D:2      | Noticed Natasha
  1545 | D:2      | Killed Natasha
  1545 | D:2      | Reached XP level 5. HP: 38/38 MP: 4/8
  1569 | D:2      | Noticed Sigmund
  1576 | D:2      | Killed Sigmund
  1576 | D:2      | Reached skill level 5 in Transmutations
  1576 | D:2      | Reached XP level 6. HP: 46/46 MP: 5/10
  1735 | D:3      | Noticed Ijyb
  1746 | D:3      | Killed Ijyb
  1756 | D:3      | Reached skill level 5 in Unarmed Combat
  2278 | D:3      | Noticed Grinder
  2280 | D:3      | Paralysed by Grinder for 2 turns
  2289 | D:3      | Paralysed by Grinder for 7 turns
  2301 | D:3      | Killed Grinder
  2301 | D:3      | Reached XP level 7. HP: 34/52 MP: 0/11
  3385 | D:4      | Reached skill level 5 in Dodging
  3469 | D:4      | Found a white marble altar of Elyvilon.
  3570 | D:4      | Reached skill level 6 in Unarmed Combat
  3581 | D:4      | Reached XP level 8. HP: 46/60 MP: 8/12
  3746 | D:5      | Entered Level 5 of the Dungeon
  3746 | D:5      | Noticed Eustachio
  3756 | D:5      | Killed Eustachio
  3756 | D:5      | Reached skill level 7 in Unarmed Combat
  4132 | D:5      | Reached skill level 5 in Fighting
  4198 | D:5      | Reached skill level 8 in Unarmed Combat
  4204 | D:5      | HP: 1/62 [steam dragon] (3)]
  4211 | D:5      | Engulfed by a steam dragon's steam

Skill      XL: |  1  2  3  4  5  6  7  8 |
---------------+-------------------------+-----
Transmutations | 3 4 5 |  5.4
Unarmed Combat | 4 5 6 8 |  8.0
Dodging        | 3 4 5 6 |  6.8
Fighting       | 2 3 4 5 |  5.2
Spellcasting   | 3 |  3.3

Action                   |  1- 3 |  4- 6 |  7- 9 || total
-------------------------+-------+-------+-------++-------
Melee: Unarmed           |    65 |    78 |   199 ||   342
       Headbutt          |     7 |       |       ||     7
       Punch             |       |       |     1 ||     1
 Cast: Beastly Appendage |    15 |       |       ||    15
       Spider Form       |     3 |    18 |    29 ||    50
       Sticks to Snakes  |       |     3 |     2 ||     5
  Use: Scroll            |       |       |    10 ||    10
       Potion            |       |       |     1 ||     1
 Stab: Sleeping          |     2 |       |       ||     2
       Distracted        |       |     1 |       ||     1
  Eat: Chunk             |     1 |    12 |    16 ||    29
Armor: Robe              |     5 |     1 |     1 ||     7
       Skin              |     1 |     1 |     7 ||     9
Dodge: Dodged            |    42 |    68 |   153 ||   263
